 Dungeon Crawl Stone Soup version 0.18.1-8-gdd0e5ea (webtiles) character file.

1155 Shearov the Chopper (level 8, -6/73 HPs)
             Began as a Deep Dwarf Fighter on May 31, 2016.
             Killed from afar by Eustachio (9 damage)
             ... with a wand of flame
             ... on level 5 of the Dungeon.
             The game lasted 00:17:32 (3466 turns).

Shearov the Chopper (Deep Dwarf Fighter)            Turns: 3466, Time: 00:17:33

Health: -6/73      AC:  7    Str: 27    XL:     8   Next: 16%
Magic:  8/8        EV: 12    Int:  9    God:
Gold:   147        SH: 11    Dex: 12    Spells: 0 memorised, 7 levels left

rFire  . . .     SeeInvis .     a - +0 war axe
rCold  . . .     Gourm    .     b - +0 scale mail
rNeg   . . .     Faith    .     t - +1 shield
rPois  .         Spirit   .     (no helmet)
rElec  .         Dismiss  .     (no cloak)
rCorr  .         Reflect  .     (no gloves)
SustAt .         Harm     .     (no boots)
MR     +....                    (no amulet)
Stlth  ..........               (no ring)
                                s - +2 ring of evasion

@: mighty, non-regenerating, somewhat resistant to hostile enchantments,
extremely unstealthy
A: damage resistance, recharge devices, sense surroundings 1, slow regeneration
3
a: Device Recharging


You were on level 5 of the Dungeon.
You were very hungry.

You visited 1 branch of the dungeon, and saw 5 of its levels.

You collected 147 gold pieces.

Inventory:

Hand Weapons
 a - a +0 war axe (weapon)
 n - a +2 antimagic flail
Missiles
 q - a javelin of penetration (quivered)
Armour
 b - a +0 scale mail (worn)
 c - a +0 shield
 t - a +1 shield (worn)
Jewellery
 p - an uncursed ring of resist corrosion
 s - a +2 ring of evasion (left hand)
 u - an uncursed ring of ice
 x - an uncursed ring of sustain attributes {unknown}
Wands
 e - a wand of heal wounds (2/9)
Scrolls
 g - a scroll of enchant armour
 i - 2 scrolls of identify
 m - 3 scrolls of teleportation
 v - 2 scrolls of fear {unknown}
Potions
 h - a potion of heal wounds
 j - a potion of magic
 k - 4 potions of brilliance
 l - a potion of curing
 o - a potion of invisibility
 r - a potion of berserk rage {unknown}
 z - a potion of agility
Comestibles
 f - a bread ration
 w - 3 fruits


   Skills:
 * Level 4.7 Fighting
 * Level 6.0 Axes
 * Level 5.9 Armour
 + Level 3.7 Dodging
 + Level 5.2 Shields


You had 7 spell levels left.
You didn't know any spells.

Dungeon Overview and Level Annotations

Branches:
Dungeon (5/15)
 Temple: D:4-7

Altars:
Nemelex Xobeh
Okawaru
Pakellas
Qazlal
Xom
Yredelemnul

Annotations:
D:5 Eustachio


Innate Abilities, Weirdness & Mutations

You are resistant to damage.
You can recharge devices by infusing magical energy.
You passively map a small area around you.
You do not regenerate naturally.


Message History

Eustachio casts a spell.
Eustachio blinks!
The river rat closely misses you.
Eustachio mumbles some strange words.
Eustachio blinks!
You slash Eustachio!
Eustachio is severely wounded.
You hit the river rat.
The river rat is almost dead.
Eustachio mumbles some strange words.
Eustachio blinks!
The river rat misses you.
Eustachio casts a spell.
Eustachio blinks!
The river rat closely misses you.
You closely miss the river rat.
The river rat is almost dead.
You block the river rat's attack.
Eustachio zaps a wand.
The puff of flame hits you!
* * * LOW HITPOINT WARNING * * *
Eustachio zaps a wand.
The puff of flame hits you!
You die...

, ..###.## ,* #.##...###########
##.#.....##.......# *
#.........#.#####.#
#..#.....##....##.# ### #
*#<.#...........##.#######...#
#.##..##...###..............(..#
#.....###.##
#(..r##.#######...#* ####.## ###
#.#@###.# * .... #.# #.#@###.# *
### #.##### #.......# * *,
#.....# ###'##### , * #####.# *
...* , * ###.# ... * * * ##.#.#
... , #####..).### ..... ,
...........'... ,


You could see Eustachio and a river rat.

Vanquished Creatures
  The ghost of Loading the Chopper, an amateur MiFi of the Shining One (D:4)
  The ghost of Thrillho the Magician, a novice SpEn of Dithmenos (D:5)
  Grinder (D:5)
  A centaur (D:4)
  A crimson imp (D:5)
  A hound (D:4)
  A centaur skeleton (D:4)
  Ijyb (D:2)
  An iguana (D:4)
  Natasha (thrice) (D:4)
  3 orc wizards (D:4)
  3 worker ants
  2 adders
  An ooze (D:1)
  A worm (D:2)
  A giant gecko (D:4)
  6 orcs
  5 giant cockroaches
  7 goblins
  9 hobgoblins
  4 jackals (D:4)
  2 quokkas (D:2)
  A ball python (D:3)
  8 bats
  5 giant newts
  5 kobolds
  6 rats
81 creatures vanquished.

Vanquished Creatures (others)
  A ghoul (D:1)
  An octopode (D:1)
  A draconian (D:1)
  A vine stalker (D:1)
  An elf (D:1)
  A formicid (D:1)
  A vampire (D:1)
  2 spriggans (D:1)
  A naga (D:1)
  An ogre (D:1)
  A centaur (D:1)
  5 sheep (D:4)
  2 mummies (D:1)
  An orc (D:1)
  5 tentacles (D:1)
  109 tentacle segments (D:1)
134 creatures vanquished.

Grand Total: 215 creatures vanquished

Notes
Turn   | Place    | Note
--------------------------------------------------------------
     0 | D:1      | Shearov the Deep Dwarf Fighter began the quest for the Orb.
     0 | D:1      | Reached XP level 1. HP: 20/20 MP: 1/1
     2 | D:1      | Noticed a centaur
     2 | D:1      | Noticed an elf
     2 | D:1      | Noticed an octopode
     2 | D:1      | Noticed a draconian
     2 | D:1      | Noticed a ghoul
     2 | D:1      | Noticed a naga
     2 | D:1      | Noticed a kraken
     2 | D:1      | Noticed an ogre
     2 | D:1      | Noticed a vine stalker
     2 | D:1      | Noticed a spriggan
     2 | D:1      | Noticed a formicid
     2 | D:1      | Noticed a vampire
     2 | D:1      | Noticed a spriggan
     4 | D:1      | Killed an octopode
     4 | D:1      | Killed a centaur
     5 | D:1      | Killed a vine stalker
     6 | D:1      | Killed an ogre
     6 | D:1      | Killed a spriggan
     7 | D:1      | Killed an elf
     9 | D:1      | Killed a formicid
     9 | D:1      | Killed a naga
    11 | D:1      | Killed a draconian
    15 | D:1      | Killed a spriggan
    16 | D:1      | Killed a vampire
    19 | D:1      | Killed a ghoul
    79 | D:1      | Reached XP level 2. HP: 27/27 MP: 2/2
   694 | D:2      | Noticed Ijyb
   713 | D:2      | Killed Ijyb
   713 | D:2      | Reached XP level 3. HP: 30/34 MP: 3/3
   718 | D:2      | Found a stormy altar of Qazlal.
   833 | D:2      | Found an oddly glowing altar of Pakellas.
   901 | D:2      | Reached XP level 4. HP: 21/42 MP: 4/4
  1208 | D:2      | Reached skill level 3 in Axes
  1773 | D:3      | Reached skill level 1 in Dodging
  2142 | D:4      | Noticed Natasha
  2150 | D:4      | Killed Natasha
  2241 | D:4      | Reached XP level 5. HP: 26/49 MP: 5/5
  2327 | D:4      | Found a shimmering altar of Xom.
  2483 | D:4      | Noticed Natasha
  2509 | D:4      | Noticed Loading's ghost (amateur MiFi)
  2524 | D:4      | Killed Loading's ghost
  2524 | D:4      | Reached skill level 4 in Axes
  2524 | D:4      | Reached XP level 6. HP: 21/57 MP: 6/6
  2528 | D:4      | Killed Natasha
  2533 | D:4      | Found a sparkling altar of Nemelex Xobeh.
  2634 | D:4      | Noticed Natasha
  2657 | D:4      | Killed Natasha
  2657 | D:4      | Reached XP level 7. HP: 40/64 MP: 5/7
  2708 | D:4      | Reached skill level 5 in Axes
  2771 | D:4      | Found an iron altar of Okawaru.
  2777 | D:4      | Found a basalt altar of Yredelemnul.
  2783 | D:4      | Reached skill level 5 in Armour
  3171 | D:5      | Entered Level 5 of the Dungeon
  3196 | D:5      | Noticed Grinder
  3217 | D:5      | Killed Grinder
  3217 | D:5      | Reached skill level 5 in Shields
  3343 | D:5      | Noticed Thrillho's ghost (novice SpEn)
  3408 | D:5      | Killed Thrillho's ghost
  3408 | D:5      | Reached skill level 6 in Axes
  3408 | D:5      | Reached XP level 8. HP: 43/73 MP: 8/8
  3419 | D:5      | Noticed Eustachio
  3465 | D:5      | HP: 3/73 [Eustachio/wand of flame (7)]
  3466 | D:5      | Killed from afar by Eustachio

Skill      XL: |  1  2  3  4  5  6  7 |
---------------+----------------------+-----
Fighting       | 3 4 |  4.7
Axes           | 3 4 6 |  6.0
Dodging        | 1 2 3 |  3.7
Armour         | 4 5 |  5.9
Shields        | 4 5 |  5.2

Action                   |  1- 3 |  4- 6 |  7- 9 || total
-------------------------+-------+-------+-------++-------
Melee: War axe           |    96 |   152 |   128 ||   376
Throw: Javelin           |       |       |     1 ||     1
Evoke: Wand              |       |     1 |     2 ||     3
  Use: Scroll            |       |     9 |       ||     9
       Potion            |       |     9 |     1 ||    10
  Eat: Chunk             |       |     6 |     2 ||     8
Armor: Scale mail        |    47 |    63 |    47 ||   157
Dodge: Dodged            |    34 |    53 |    57 ||   144
Block: Shield            |    49 |    87 |    56 ||   192
